AoeStats
← 帝国的铁汉

Arabia

509590118Analyzed
1v1 RM · 5d ago on Sep 27, 2026· 29m 0s· 2 players
Game mode
Random Map
Map size
Tiny (2 player)
Population
200
Speed
Normal
Resources
Standard
Victory
Conquest
Starting age
Dark Age
Ending age
Imperial Age
RankedLock teamsTeams togetherTeam positionsShared explorationLock speedFull tech treeHidden civsTurbo modeCheats
Victory
Defeat
🇨🇳 Varangians · China
1661
+15
🇹🇷 Italians · Türkiye
1635
-15
sinx
6:27 Loom
8:57 Feudal Age
13:26 Fletching
16:21 Padded Archer Armor
21:55 Castle Age
21:51 Double-Bit Axe
22:35 Bodkin Arrow
22:08 Crossbowman
23:29 Bow Saw
23:16 Horse Collar
25:04 Leather Archer Armor
27:56 Heavy Plow
27:52 Gold Mining
帝国的铁汉
10:38 Loom
12:59 Feudal Age
16:56 Castle Age
15:29 Double-Bit Axe
26:04 Bloodlines
27:29 Scale Barding Armor
29:12 Chain Barding Armor
29:24 Husbandry
Connection lost

Rejoining the realm…

Still unreachable

The connection could not be restored.

Session expired

The server has moved on; the page needs a fresh start.